 Dungeon Crawl Stone Soup version 0.30-a0-718-geaa24f58ff (webtiles) character file.

Game seed: 12652189446945490785

4 voltaire321 the Grasshopper (level 1, 0/19 HPs)
             Began as a Naga Warper on Jan 25, 2023.
             Slain by a hobgoblin (5 damage)
             ... on level 1 of the Dungeon.
             The game lasted 00:01:24 (78 turns).

voltaire321 the Grasshopper (Naga Warper)             Turns: 78, Time: 00:01:25

Health: 0/19       AC:  1    Str: 13    XL:     1   Next: 60%
Magic:  3/3        EV:  9    Int: 13    God:
Gold:   25         SH:  0    Dex: 10    Spells: 4/4 levels left

rFire   . . .      SeeInvis +    a - +0 falchion
rCold   . . .      Faith    .    (no shield)
rNeg    . . .      Spirit   .    b - +0 leather armour
rPois   +          Reflect  .    (no helmet)
rElec   .          Harm     .    (no cloak)
rCorr   .          Rampage  .    (no gloves)
Will    .....                    (no barding)
Stlth   +                        (no amulet)
HPRegen 0.23/turn                (no ring)
MPRegen 0.08/turn                (no ring)

@: very slow
A: AC +0, large, see invisible, deformed body, poison resistance, slowness 2,
spit poison 1, naga tail 1
a: Spit Poison


You were on level 1 of the Dungeon.
You visited 1 branch of the dungeon, and saw 1 of its levels.

You collected 25 gold pieces.

Inventory:

Hand Weapons
 a - a +0 falchion (weapon)
Missiles
 d - 7 boomerangs of dispersal (quivered)
Armour
 b - a +0 leather armour (worn)
Scrolls
 c - a scroll of blinking


   Skills:
 + Level 2.0 Fighting
 + Level 2.0 Long Blades
 - Level 1.0 Throwing
 + Level 0.8 Armour
 + Level 1.6 Dodging
 + Level 2.0 Spellcasting
 + Level 3.0 Translocations


You had 4 spell levels left.
You didn't know any spells.
Your spell library contained the following spells:

 Spells                   Type           Power      Damage    Failure   Level
 Blink                    Tloc           18%        N/A       14%         2
 Lesser Beckoning         Tloc           18%        N/A       14%         2
 Teleport Other           Tloc           9%         N/A       28%         3
 Vhi's Electric Charge    Tloc/Air       10%        N/A       45%         3
 Manifold Assault         Tloc           9%         N/A       67%         4


Dungeon Overview and Level Annotations

Branches:
Dungeon (1/15)

Altars:


Innate Abilities, Weirdness & Mutations

Your serpentine skin is tough. (AC +0)
You have supernaturally acute eyesight. (SInv)
Armour fits poorly on your strangely shaped body.
Your system is resistant to poisons. (rPois)
You cover ground very slowly.
You can spit poison.
You have a snake-like lower body.


Message History

The quokka attacks as you move away! The quokka completely misses you.
The quokka bites you.
You hit the quokka.
You kill the quokka!
The ball python barely misses you.
You hit the ball python.
The ball python is moderately wounded.
The ball python barely misses you.
You barely miss the ball python.
The ball python is moderately wounded.
The ball python barely misses you.
You hit the ball python.
You kill the ball python!
You start resting.
HP restored.
You see here a ball python corpse.
You now have 25 gold pieces (gained 12).
A hobgoblin comes into view.
The hobgoblin shouts!
A hobgoblin comes into view.
The hobgoblin shouts!
You barely miss the hobgoblin. The hobgoblin hits you.
You hit the hobgoblin.
The hobgoblin is lightly wounded.
The hobgoblin closely misses you.
You closely miss the hobgoblin.
The hobgoblin is lightly wounded.
The hobgoblin hits you. x2
You hit the hobgoblin.
The hobgoblin is heavily wounded.
The hobgoblin closely misses you. The hobgoblin barely misses you.
You closely miss the hobgoblin.
The hobgoblin is heavily wounded.
The hobgoblin closely misses you. The hobgoblin hits you.
* * * LOW HITPOINT WARNING * * *
You closely miss the hobgoblin.
The hobgoblin is heavily wounded.
A frilled lizard comes into view.
The hobgoblin hits you.
You die...

#≈§..§..≈#.(..#
#≈......§#....###!#
#8......8#........
.####''####.......#
#........†.........#
#...######.........#
##.................#
#
..........#.....#..#
.##.###......@g...#
#. ###.....g.....# #
#..#.........#
#..##.........#
....# ###.##....#
#.#### #.l.....#
#.#.....# ..##....#
..


You could see 2 hobgoblins and a frilled lizard (wandering).

Vanquished Creatures
  A giant cockroach (D:1)
  A quokka (D:1)
  A ball python (D:1)
  A frilled lizard (D:1)
4 creatures vanquished.

Notes
Turn   | Place    | Note
-------+----------+-------------------------------------------
     0 | D:1      | voltaire321 the Naga Warper began the quest for the Orb.
     0 | D:1      | Reached XP level 1. HP: 19/19 MP: 3/3
    18 | D:1      | Reached skill level 1 in Throwing
    78 | D:1      | Slain by a hobgoblin

Illustrated notes

Levels and vault maps discovered:
D:1:      lightli_arrival_noodles, layout_rooms

Skill      XL: |  1 |
---------------+----+-----
Throwing       | 1 |  1.0
Fighting       | |  2.0
Long Blades    | |  2.0
Armour         | |  0.8
Dodging        | |  1.6
Spellcasting   | |  2.0
Translocations | |  3.0

Action                     || total
---------------------------++-------
  Melee: Falchion          ||    16
Ability: Spit Poison       ||     1
  Dodge: Dodged            ||    12

Table legend: (Time is in decaauts)
 A = Elapsed time spent in this place.
 B = Non-inter-level travel time spent in this place.
 C = Inter-level travel time spent in this place.
 D = Time resting spent in this place.
 E = Time spent auto-exploring this place.
 F = Levels seen in this place.
 G = Mean time per level.
                   A        B        C        D        E       F      G
               +--------+--------+--------+--------+--------+-----+--------+
         Total |     91 |     91 |      0 |     30 |     28 |   1 |   91.0 |
       Dungeon |     91 |     91 |      0 |     30 |     28 |   1 |   91.0 |
               +--------+--------+--------+--------+--------+-----+--------+

Top non-repeatable levels by time:
     D:1: 91 daAuts
